 Dungeon Crawl Stone Soup version 0.31-a0-1597-ge7908ec (webtiles) character file.

Game seed: 12987129808189161319

11 PidgeyThePirate the Ruffian (level 2, 26/26 HPs)
             Began as a Ghoul Monk on Jan 7, 2024.
             Was a Believer of Nemelex Xobeh.
             Safely got out of the dungeon.
             The game lasted 00:01:19 (756 turns).

PidgeyThePirate the Ruffian (Ghoul Monk)             Turns: 756, Time: 00:01:20

Health: 26/26      AC:  2    Str: 14    XL:     2   Next: 29%
Magic:  2/2        EV: 12    Int:  9    God:    Nemelex Xobeh [**....]
Gold:   88         SH:  0    Dex: 11    Spells: 1/1 levels left

rFire   . .          .
                       - Unarmed
rCold   + . .        c - orb {light}
rNeg    + + +        a - +0 robe
rPois   ∞            (no helmet)
rElec   .            (no cloak)
rCorr   +            (no gloves)
SInv    .            (no boots)
Will    .....        (no amulet)
Stlth   +            d - ring of resist corrosion
HPRegen 0.24/turn    (no ring)
MPRegen 0.08/turn

%: no passive effects
@: glowing
A: claws 1, cold resistance 1, negative energy resistance 3, inhibited
regeneration, torment resistance 2, devour on kill
a: Renounce Religion, Draw Escape, Draw Destruction, Draw Summoning


You escaped.
You worshipped Nemelex Xobeh.
Nemelex Xobeh was pleased with you.
You visited 1 branch of the dungeon, and saw 2 of its levels.

You collected 88 gold pieces.

Inventory:

Armour
 a - a +0 robe (worn)
 c - an orb of light (worn)
 g - a +0 tower shield
Jewellery
 d - a ring of resist corrosion (left claw)
 h - a ring of fire
Scrolls
 e - 4 scrolls of identify {unknown}
Potions
 b - a potion of ambrosia
 f - 2 potions of mutation {unknown}
 i - a potion of brilliance {unknown}


   Skills:
 + Level 3.4 Fighting
 + Level 3.0 Dodging
 + Level 3.6 Unarmed Combat


You had one spell level left.
You didn't know any spells.
Your spell library contained the following spells:

 Spells                   Type           Power      Damage    Failure   Level
 Summon Small Mammal      Summ           0%         N/A       38%         1
 Call Canine Familiar     Summ           0%         N/A       77%         3
 Summon Blazeheart Golem  Fire/Summ      0%         N/A       99%         4


Dungeon Overview and Level Annotations

Branches:
Dungeon (2/15)

Altars:
Nemelex Xobeh


Innate Abilities, Weirdness & Mutations

You are immune to poison.
You have sharp fingernails.
Your flesh is cold resistant. (rC+)
You are immune to negative energy. (rN+++)
You do not regenerate when monsters are visible.
You are immune to unholy pain and torment.
You thrive by killing the living.


Message History

The goblin hits you with a +0 dagger.
You scratch the goblin.
You kill the goblin!
Things that are here:
a +0 dagger; a goblin corpse You see here 3 stones.
e - 4 scrolls labelled JAMNECWASISCH (gained 1)
You now have 80 gold pieces (gained 11).
There is a stone staircase leading down here.
Done exploring.
Done exploring.
There is a stone staircase leading down here.
You climb downwards.
Found 8 gold pieces.
There is a stone staircase leading up here.
Found a faded altar of an unknown god.
You now have 88 gold pieces (gained 8).
A bat comes into view.
You completely miss the bat. The bat misses you.
You claw the bat!
You kill the bat!
Your Dodging skill increases to level 3!
There is a faded altar of an unknown god here.
This altar belongs to (a) Nemelex Xobeh, (b) Fedhas or (c) Lugonu, but you can't tell which.
Press the corresponding letter to learn more about a god, or press enter to convert or escape to cancel.
Nemelex Xobeh accepts your prayer! Nemelex Xobeh welcomes you!
Nemelex will now gift you decks of power as you gain piety.
Nemelex Xobeh deals you some cards!
You now have 5 destruction cards and 1 summoning card.
You can now draw from decks of power.
Nemelex Xobeh deals you some cards!
You now have 4 escape cards, 7 destruction cards and 5 summoning cards.
There is a stone staircase leading up here.
You climb upwards.
There is a stone staircase leading down here.
There is a staircase leading out of the dungeon here.
You can't go down here!
Alright, then stay!
There is a staircase leading out of the dungeon here.
You have escaped!

#.....# #........###
......# ######.....##
####### ##...#...##
#...###...# #####...#
#...#
########..##..#####..##
.....>...##...........#
.##########...........#
.......# #.⌠...@...⌠.#
.#####.# #...........#
...>##.# #...........#
.##.##.# ####..#..#####
.#...#.# ##...##
#.########## .......#
##.....# #...........
##...###
##.#..###############.
#...#
###..........###### #.
#...#
#.................# ##


There were no monsters in sight!

Vanquished Creatures
  3 bats
  2 endoplasms (D:1)
  2 giant cockroaches (D:1)
  A goblin (D:1)
  A frilled lizard (D:1)
  A kobold (D:1)
  A rat (D:1)
11 creatures vanquished.

Notes
Turn   | Place    | Note
-------+----------+-------------------------------------------
     0 | D:1      | PidgeyThePirate the Ghoul Monk began the quest for the Orb.
     0 | D:1      | Reached XP level 1. HP: 19/19 MP: 1/1
   290 | D:1      | Reached XP level 2. HP: 26/26 MP: 2/2
   691 | D:2      | Found a faded altar of an unknown god.
   706 | D:2      | Prayed at the altar of an unknown god.
   706 | D:2      | Became a worshipper of Nemelex Xobeh the Trickster
   706 | D:2      | Reached * piety under Nemelex Xobeh
   706 | D:2      | Received a gift from Nemelex Xobeh
   706 | D:2      | Reached ** piety under Nemelex Xobeh
   706 | D:2      | Received a gift from Nemelex Xobeh
   756 | D:$      | Safely got out of the dungeon.

Illustrated notes

Levels and vault maps discovered:
D:1:      dpeg_arrival_arbitrary_c, layout_loops_cross, minmay_tromino_i2
D:2:      layout_rooms, basic_ecumenical_altar, uniq_robin

Skill      XL: |  1  2 |
---------------+-------+-----
Dodging        | 3 |  3.0
Fighting       | |  3.4
Unarmed Combat | |  3.6

Action                     || total
---------------------------++-------
  Melee: Unarmed           ||    28
 Armour: Robe              ||    19
  Dodge: Dodged            ||    21

Table legend: (Time is in decaauts)
 A = Elapsed time spent in this place.
 B = Non-inter-level travel time spent in this place.
 C = Inter-level travel time spent in this place.
 D = Time resting spent in this place.
 E = Time spent auto-exploring this place.
 F = Levels seen in this place.
 G = Mean time per level.
                   A        B        C        D        E       F      G
               +--------+--------+--------+--------+--------+-----+--------+
         Total |    753 |    723 |     30 |      0 |    587 |   2 |  376.5 |
       Dungeon |    753 |    723 |     30 |      0 |    587 |   2 |  376.5 |
               +--------+--------+--------+--------+--------+-----+--------+

Top non-repeatable levels by time:
     D:1: 715 daAuts
     D:2: 38 daAuts
